cohdb
Replays
Latest Replays
All Replays
Popular Replays
Top Player Replays
Match Explorer
How It Works
Community
CoH3 Stats
Reddit
Sign in to upload your games and track your stats! →
Sign in with Steam
Match 38925886
Unlisted
Match 38925886
Overview
Messages
Build Orders
End
Selects Indian Artillery Battlegroup
Vickers Machine Gun Team
Construct Section Command Post
Infantry Section
Infantry Section
ML 3-inch Mortar Team
Grenade Package
Construct Platoon Command Post
Infantry Section
Unlock M3 Stuart Light Tanks
M3 Stuart Light Tank
Selects Artillery Saturation
Selects Off-map Airburst Barrage
Off-map Airburst Barrage
Gabloc
Deadpool (OCdt)
PumaDog
Grubby丶M
ToxicCheeseMan
kenleung
Wanton_Endangerment999
GANDX
0
0
Comments
sign in to comment!
No comments posted yet!